Map: Pylon LE

Players

ManlyManMeat

  • Race: Zerg Zerg
  • League: Diamond
  • Spawn Location: 5:00

pottytrained - Winner!

  • Race: Protoss Protoss
  • Spawn Location: 11:00

VOD

Have the link to the VOD?

Description

Time

  • Played on: July 2, 2025, 12:48 p.m.
  • Length: 14:56
Show
View Real Time Build Order
Export as new Build Order

ManlyManMeat Zerg 

Build Orders: Hatch First 

Get SALT Encoding   

  12  0:00  Drone  
  13  0:08  Drone  
  14  0:15  Drone, Extractor  
  15  0:25  Overlord  
  15  0:44  Drone  
  15  0:48  Hatchery  
  15  0:51  Drone  
  15  0:54  Drone  
  17  0:59  Drone  
  18  1:09  Extractor  
  17  1:14  Spawning Pool  
  17  1:18  Drone  
  17  1:22  Drone  
  18  1:37  Drone  
  18  1:39  Drone  
  20  1:51  Overlord  
  20  2:01  Queen x2  
  20  2:04  Zergling x2  
  20  2:07  Zergling x2  
  26  2:13  Drone  
  26  2:14  Drone  
  28  2:19  Metabolic Boost  
  28  2:29  Drone x2  
  30  2:34  Drone x2  
  32  2:46  Zergling x4  
  34  2:53  Drone  
  35  3:02  Zergling x2  
  35  3:03  Overlord  
  34  3:20  Queen  
  34  3:23  Drone x5  
  41  3:30  Drone  
  41  3:31  Drone  
  41  3:34  Hatchery  
  42  3:36  Queen  
  42  3:37  Overlord  
  44  3:58  Spore Crawler  
  44  3:59  Spore Crawler  
  42  4:14  Extractor  
  40  4:22  Drone  
  40  4:23  Drone  
  40  4:24  Drone x3  
  44  4:27  Baneling Nest  
  44  4:29  Evolution Chamber  
  43  4:31  Evolution Chamber  
  43  4:32  Drone x2  
  43  4:34  Drone  
  43  4:35  Drone x3, Overlord x2  
  43  4:36  Overlord  
  48  4:58  Zerg Melee Weapons Level 1  
  48  4:59  Drone x3  
  51  5:00  Drone x2  
  53  5:15  Zergling x10  
  58  5:21  Lair  
  58  5:26  Extractor  
  58  5:27  Drone x5  
  58  5:28  Drone, Extractor  
  62  5:32  Drone x2  
  64  5:46  Hatchery  
  62  5:58  Zergling x18, Overlord x2  
  62  6:03  Spore Crawler x2  
  69  6:05  Spore Crawler  
  69  6:09  Baneling x2  
  69  6:10  Baneling x11  
  69  6:11  Zergling x12  
  73  6:23  Hydralisk Den  
  73  6:24  Drone x3  
  75  6:27  Extractor  
  75  6:28  Drone  
  75  6:29  Drone x2, Extractor  
  75  6:30  Drone x3  
  75  6:31  Drone  
  80  6:40  Hatchery  
  80  6:44  Centrifugal Hooks  
  80  6:45  Zerg Ground Armor Level 1  
  79  6:47  Zergling x2  
  79  6:48  Zergling x14  
  74  7:09  Zergling x20  
  74  7:14  Hydralisk x2  
  88  7:15  Grooved Spines  
  87  7:36  Overlord x2  
  87  7:39  Zerg Missile Weapons Level 1  
  87  7:43  Baneling x3  
  87  7:44  Baneling x16  
  87  7:45  Baneling  
  87  7:51  Drone x2  
  87  7:53  Drone x4  
  93  7:59  Hydralisk x2  
  97  8:06  Muscular Augments  
  97  8:19  Hydralisk  
  97  8:20  Hydralisk x5  
  109  8:34  Hydralisk  
  109  8:35  Zergling x2  
  97  8:56  Zergling x2  
  97  8:57  Hydralisk x3, Zergling x16  
  112  9:03  Overlord x2  
  112  9:04  Overlord x3  
  112  9:16  Overlord x3  
  108  9:35  Hydralisk  
  108  9:36  Hydralisk x8  
  92  9:47  Hydralisk x4  
  92  9:48  Zergling x2  
  96  9:52  Drone  
  96  9:53  Drone x2  
  96  9:55  Drone  
  99  10:10  Drone x10  
  99  10:13  Zergling x2  
  99  10:14  Zergling x4  
  112  10:19  Overseer  
  112  10:33  Hydralisk x6  
  124  10:35  Zerg Missile Weapons Level 2  
  124  10:41  Drone x4  
  121  11:03  Hydralisk x9  
  138  11:29  Zerg Ground Armor Level 2, Infestation Pit  
  137  11:47  Drone  
  137  11:48  Drone x3  
  141  11:57  Hatchery  
  141  11:59  Hydralisk x8  
  141  12:00  Hydralisk x4  
  164  12:04  Hatchery  
  163  12:08  Hydralisk  
  163  12:09  Hydralisk x3  
  171  12:27  Hydralisk x2  
  171  12:28  Overlord x4  
  171  12:29  Overlord x2  
  146  13:03  Hydralisk x15  
  136  13:11  Zergling x8  
  132  13:26  Zergling x20  
  132  13:27  Zergling x8  
  142  13:40  Zergling x2  
  142  13:41  Zergling x18  
  146  13:57  Hydralisk x7  
  138  14:23  Hydralisk  
  138  14:24  Hydralisk x9  
Show
View Real Time Build Order
Export as new Build Order

pottytrained Protoss - Winner!

Build Orders: 1 Gate Expand, Oracle Opening, Carriers 

Get SALT Encoding   

  12  0:00  Probe  
  13  0:12  Probe  
  14  0:19  Pylon  
  14  0:24  Probe  
  15  0:33  Probe  
  15  0:39  Gateway  
  15  0:41  Probe  
  16  0:47  Assimilator  
  17  0:51  Probe  
  18  1:03  Probe  
  19  1:15  Probe  
  20  1:27  Nexus  
  20  1:35  Cybernetics Core  
  20  1:37  Probe  
  21  1:43  Assimilator  
  21  1:49  Probe  
  21  1:53  Pylon  
  22  2:01  Adept  
  22  2:02  Probe  
  23  2:14  Probe  
  26  2:21  Stargate  
  26  2:22  Adept  
  26  2:26  Probe  
  27  2:34  Warp Gate  
  27  2:36  Probe  
  29  2:38  Probe  
  31  2:44  Probe  
  31  2:50  Probe  
  33  2:51  Adept  
  35  3:01  Probe  
  36  3:07  Oracle  
  36  3:08  Probe  
  40  3:13  Probe  
  41  3:21  Gateway  
  41  3:23  Probe  
  41  3:25  Probe  
  43  3:35  Probe  
  43  3:37  Probe  
  43  3:38  Nexus  
  45  3:43  Pylon  
  45  3:51  Probe  
  45  3:52  Assimilator  
  45  3:53  Assimilator  
  46  4:01  Probe  
  47  4:03  Probe  
  47  4:05  Pylon  
  48  4:12  Forge, Twilight Council  
  48  4:14  Probe  
  48  4:16  Probe  
  50  4:23  Stalker  
  52  4:26  Probe  
  52  4:29  Probe, Protoss Ground Weapons Level 1  
  54  4:31  Gateway  
  54  4:32  Gateway  
  54  4:38  Probe  
  55  4:41  Oracle, Blink  
  55  4:42  Probe  
  59  4:48  Probe  
  60  4:54  Probe  
  60  4:56  Probe  
  60  4:57  Probe  
  60  4:59  Pylon  
  61  5:04  Probe  
  61  5:06  Probe x2  
  66  5:16  Probe  
  66  5:19  Gateway  
  66  5:21  Gateway  
  67  5:24  Pylon  
  67  5:29  Probe x3  
  67  5:32  Stalker x2  
  74  5:38  Pylon  
  74  5:41  Probe x2  
  74  5:42  Templar Archives  
  76  5:44  Probe  
  76  5:49  Assimilator  
  77  5:53  Probe x2, Assimilator  
  79  5:58  Pylon, Probe  
  79  5:59  Pylon  
  79  6:03  Shield Battery  
  80  6:05  Probe, Stalker x2  
  80  6:06  Psionic Storm, Probe  
  80  6:10  Probe  
  87  6:18  Probe  
  88  6:20  Probe  
  88  6:24  Robotics Facility  
  89  6:29  Probe  
  90  6:36  Fleet Beacon  
  90  6:37  Protoss Ground Weapons Level 2  
  90  6:38  Stargate  
  90  6:42  Photon Cannon  
  90  6:45  Nexus  
  90  6:50  Probe x2  
  90  6:51  Pylon, Probe  
  93  7:02  Probe  
  93  7:08  Stalker x2  
  97  7:09  Probe  
  98  7:16  High Templar x3  
  98  7:17  High Templar  
  106  7:26  Protoss Air Weapons Level 1  
  106  7:27  Photon Cannon  
  106  7:29  Tempest  
  110  7:33  Probe x2  
  112  7:37  Shield Battery, Assimilator  
  112  7:39  Assimilator, Photon Cannon  
  112  7:40  Pylon, Photon Cannon  
  112  7:43  Pylon  
  112  7:52  Tempest  
  112  7:55  Probe  
  112  7:56  Probe x2  
  119  8:00  Observer  
  120  8:08  Probe x2  
  120  8:12  Pylon  
  122  8:14  Tempest  
  122  8:18  Pylon  
  126  8:20  Pylon  
  126  8:37  High Templar  
  126  8:38  Tempest  
  132  8:43  Stargate  
  132  8:50  Photon Cannon  
  131  9:00  Photon Cannon  
  131  9:05  High Templar  
  131  9:06  Tempest  
  137  9:14  Warp Prism  
  139  9:27  Photon Cannon  
  131  9:44  Stalker x2  
  131  9:45  Stalker  
  119  9:46  High Templar  
  119  9:50  Photon Cannon  
  121  9:56  Carrier x2  
  121  9:58  Carrier  
  139  10:01  Cybernetics Core  
  139  10:02  Observer  
  139  10:03  Nexus  
  140  10:13  High Templar  
  140  10:14  High Templar  
  144  10:15  High Templar  
  144  10:16  Protoss Air Weapons Level 2  
  144  10:17  Pylon  
  144  10:20  Observer  
  147  10:24  Protoss Ground Weapons Level 3  
  147  10:27  Nexus  
  147  10:35  Pylon  
  147  10:43  Photon Cannon  
  147  10:45  Photon Cannon  
  147  10:46  Photon Cannon  
  147  10:48  Photon Cannon  
  146  10:56  Observer  
  147  11:04  Observer, Carrier x3  
  165  11:07  High Templar  
  159  11:29  Photon Cannon  
  159  11:31  Photon Cannon  
  159  11:34  Photon Cannon  
  159  11:35  Shield Battery  
  159  11:36  Shield Battery  
  159  11:40  Nexus  
  159  11:41  Charge  
  159  11:48  Assimilator  
  159  11:51  Assimilator  
  159  11:52  Assimilator  
  159  11:53  Assimilator  
  167  12:15  Mothership  
  167  12:20  Zealot x2  
  170  12:26  Protoss Air Armor Level 1  
  170  12:29  Warp Prism  
  172  12:32  Nexus  
  172  12:34  Pylon  
  172  12:36  Pylon  
  157  13:06  High Templar  
  157  13:07  High Templar  
  157  13:11  Carrier x3  
  175  13:20  Stalker x2  
  175  13:21  Stalker x2  
  181  13:31  Stargate  
  181  13:32  Stargate, Nexus  
  177  13:46  Stalker  
  177  13:47  Stalker x5  
  184  13:54  Stalker  
  184  13:55  Stalker x4  
  177  13:56  Probe  
  177  13:58  Pylon  
  172  14:04  Pylon  
  160  14:17  Nexus  
  160  14:22  High Templar x6  
  160  14:32  Archon x2  
  160  14:38  Probe x2  
  162  14:39  Probe  
  162  14:41  Archon  
  153  14:52  Unknown  
Tags
 
Add a new tag
Caveats
  • Supply blocks, unpowered buildings, or Contaminate may cause inaccurate times.
  • Supply counts are checked every 10 seconds.